 Dungeon Crawl Stone Soup version 0.22-a0-558-gc224181 (webtiles) character file.

763 Hebeh the Chopper (level 7, -5/62 HPs)
             Began as a Minotaur Fighter on June 27, 2018.
             Slain by Sigmund
             ... wielding a +0 scythe
              (8 damage)
             ... on level 4 of the Dungeon.
             The game lasted 00:08:27 (3650 turns).

Hebeh the Chopper (Minotaur Fighter)                Turns: 3650, Time: 00:08:28

Health: -5/62      AC:  0    Str: 23    XL:     7   Next: 51%
Magic:  6/6        EV: 13    Int:  5    God:
Gold:   71         SH:  0    Dex:  9    Spells: 6/6 levels left

rFire    . . .     SeeInvis .   (weapon currently unavailable)
rCold    . . .     Gourm    .   (shield currently unavailable)
rNeg     . . .     Faith    .   (armour currently unavailable)
rPois    .         Spirit   .   (helmet currently unavailable)
rElec    .         Reflect  .   (cloak currently unavailable)
rCorr    .         Harm     .   (gloves currently unavailable)
MR       .....                  (boots currently unavailable)
Stlth    +.........             (no amulet)
HPRegen  0.20/turn              (ring currently unavailable)
MPRegen  0.10/turn              (ring currently unavailable)

@: confused, pig-form (expiring), very quick
A: small, (retaliatory headbutt)
a: no special abilities


You were on level 4 of the Dungeon.
You were not hungry.
You were a filthy swine.
You visited 1 branch of the dungeon, and saw 4 of its levels.

You collected 71 gold pieces.

Inventory:

Hand Weapons
 a - a +0 war axe
 p - a +2 hand axe of chopping (melded)
Armour
 b - a +0 scale mail (melded)
 c - a +0 shield (melded)
Jewellery
 j - a ring of ice (melded)
 l - a ring of poison resistance (melded)
Wands
 q - a wand of digging (17)
Scrolls
 h - 4 scrolls of remove curse
 o - a scroll of teleportation {unknown}
Potions
 d - a potion of might
 e - a potion of curing {unknown}
 g - a potion of brilliance {unknown}
 i - a potion of haste {unknown}
 k - a potion of magic {unknown}
 n - a potion of mutation {unknown}
Comestibles
 f - 5 rations


   Skills:
 + Level 5.8 Fighting
 * Level 6.6 Axes
 + Level 5.8 Armour
 + Level 5.8 Shields


You had 6 spell levels left.
You didn't know any spells.
Your spell library was empty.

Dungeon Overview and Level Annotations

Branches:
Dungeon (4/15)
 Temple: D:4-7

Altars:
Cheibriados
Elyvilon
Gozag

Annotations:
D:4 Sigmund


Innate Abilities, Weirdness & Mutations

((You reflexively headbutt those who attack you in melee.))
((You have a pair of horns on your head.))


Message History

* * * LOW HITPOINT WARNING * * *
The jackal bites you.
* * * LOW HITPOINT WARNING * * *
The jackal barely misses you. The jackal bites you.
* * * LOW HITPOINT WARNING * * *
The jackal barely misses you. Something hits you.
* * * LOW HITPOINT WARNING * * *
The jackal closely misses you. The jackal bites you.
* * * LOW HITPOINT WARNING * * *
The jackal closely misses you. The jackal bites you.
* * * LOW HITPOINT WARNING * * *
You hear some strange, mumbled words.
You are confused.
The jackal closely misses you. The jackal bites you.
* * * LOW HITPOINT WARNING * * *
The jackal bites you.
* * * LOW HITPOINT WARNING * * *
The jackal barely misses you. Something hits you!
You die...

...........#..## ...........##.#.
### #...............######...
##.......#.#........)....
##.......................
...#.#...#.#...................
##.....###.#......{.......|.....
.....### #.....hh..............#
.....# #..###.h..###.........#
.....#####...##....# #.........#
.....##.......###..# #.........
.....##.......# #..# #.........
.....##.......###..###..##.#####.
.....##........###..##.#.........
...####.>......####.#....#..#####
##..# #.^........##...#.##..#
##.###.....)..#........#..####


You could see 2 jackals.

Vanquished Creatures
  Duvessa (D:4)
  An ogre (D:4)
  A centaur (D:3)
  Dowan (D:4)
  A hound (D:4)
  An orc priest (D:3)
  3 iguanas
  2 worker ants (D:4)
  2 orc wizards (D:4)
  7 gnolls
  2 adders
  An ooze (D:3)
  4 worms
  A dart slug (D:3)
  3 leopard geckos
  13 orcs
  2 ball pythons
  3 giant cockroaches
  3 hobgoblins
  6 jackals (D:1)
  7 kobolds
  9 bats
  6 frilled lizards
  10 goblins
  2 leopard gecko skeletons (D:4)
  7 rats
99 creatures vanquished.

Notes
Turn   | Place    | Note
-------+----------+-------------------------------------------
     0 | D:1      | Hebeh the Minotaur Fighter began the quest for the Orb.
     0 | D:1      | Reached XP level 1. HP: 19/19 MP: 0/0
   157 | D:1      | Reached XP level 2. HP: 27/27 MP: 1/1
   545 | D:1      | Reached skill level 3 in Axes
   716 | D:2      | Reached XP level 3. HP: 33/33 MP: 2/2
   958 | D:2      | Reached XP level 4. HP: 30/40 MP: 3/3
  1160 | D:2      | Found an opulent altar of Gozag.
  1427 | D:2      | Reached skill level 4 in Axes
  1700 | D:3      | Found a snail-covered altar of Cheibriados.
  1839 | D:3      | Reached XP level 5. HP: 10/47 MP: 4/4
  2393 | D:3      | Noticed a centaur
  2405 | D:3      | Killed a centaur
  2405 | D:3      | Reached skill level 5 in Axes
  2405 | D:3      | Reached XP level 6. HP: 45/55 MP: 5/5
  2474 | D:3      | Reached skill level 5 in Fighting
  2474 | D:3      | Reached skill level 5 in Armour
  2808 | D:3      | Reached skill level 5 in Shields
  2967 | D:4      | Found a white marble altar of Elyvilon.
  3059 | D:4      | Noticed Dowan
  3060 | D:4      | Noticed Duvessa
  3069 | D:4      | Killed Duvessa
  3076 | D:4      | Killed Dowan
  3076 | D:4      | Reached XP level 7. HP: 23/61 MP: 6/6
  3301 | D:4      | Reached skill level 6 in Axes
  3625 | D:4      | Noticed Sigmund
  3650 | D:4      | HP: 3/62 [jackal (2)]
  3650 | D:4      | Slain by Sigmund

Vault maps used:
D:1:      giann_bridges
D:2:      old_standard_altar, st_stairs_14, grunt_ministairs_1
D:3:      first_ration, kennysheep_slug_shrine
D:4:      elyvilon_altar_4, uniq_sigmund, uniq_duvessa

Skill      XL: |  1  2  3  4  5  6  7 |
---------------+----------------------+-----
Fighting       | 4 5 |  5.8
Axes           | 3 4 5 6 |  6.6
Armour         | 4 5 |  5.8
Shields        | 4 5 |  5.8

Action                   |  1- 3 |  4- 6 |  7- 9 || total
-------------------------+-------+-------+-------++-------
Melee: War axe           |    87 |    25 |       ||   112
       Headbutt          |    11 |    32 |     5 ||    48
       Spear             |       |   122 |       ||   122
       Hand axe          |       |    22 |    34 ||    56
  Use: Scroll            |       |     5 |       ||     5
  Eat: Chunk             |       |     7 |     2 ||     9
Armor: Scale mail        |    60 |    60 |    16 ||   136
Dodge: Dodged            |    28 |    40 |    21 ||    89
Block: Shield            |    61 |    87 |     9 ||   157

Table legend:
 A = Spawn XP
 B = Non-spawn XP
 C = Spawn XP percentage of total XP
 D = Spawn monster count
 E = Non-spawn monster count
 F = Spawn count percentage of total count
 G = Total turns spent on level
                    A         B        C        D         E        F      G
               +---------+---------+-------+---------+---------+-------+---------
         Total |       0 |    1091 |   0.0 |       0 |      99 |   0.0 |  3650
               +---------+---------+-------+---------+---------+-------+---------
           D:1 |       0 |      40 |   0.0 |       0 |      23 |   0.0 |   710
           D:2 |       0 |     104 |   0.0 |       0 |      22 |   0.0 |   925
           D:3 |       0 |     320 |   0.0 |       0 |      34 |   0.0 |  1320
           D:4 |       0 |     627 |   0.0 |       0 |      20 |   0.0 |   695
               +---------+---------+-------+---------+---------+-------+---------
